 Dungeon Crawl Stone Soup version 0.14.0-12-g87ee3b7 (webtiles) character file.

165 MDvedh the Slasher (level 4, -2/37 HPs)
             Began as a Minotaur Death Knight on Apr 14, 2014.
             Was a Believer of Yredelemnul.
             Slain by a worker ant (6 damage)
             ... on Level 4 of the Dungeon.
             The game lasted 00:03:03 (2342 turns).

MDvedh the Slasher (Minotaur Death Knight)          Turns: 2342, Time: 00:03:03

HP  -2/37        AC  6     Str 19      XL: 4   Next: 14%
MP   3/3         EV 10     Int  8      God: Yredelemnul [**....]
Gold 88          SH  0     Dex  9      Spells:  0 memorised,  3 levels left

rFire  . . .     SeeInvis .     a - +1 falchion
rCold  . . .     Clarity  .     j - +0 ring mail
rNeg   . . .     Conserve .     (no shield)
rPois  .         rCorr    .     (helmet restricted)
rElec  .         rRot     .     (no cloak)
SustAb . .       Spirit   .     (no gloves)
rMut   .         Warding  .     e - +0 pair of boots
Saprov . . .     Stasis   .     (no amulet)
MR     .....                    (no ring)
                                (no ring)

@: not resistant to hostile enchantments, extremely unstealthy
A: retaliatory headbutt, horns 2
a: Animate Remains, Recall Undead Slaves, Injury Mirror, Renounce Religion


You were on level 4 of the Dungeon.
You worshipped Yredelemnul.
Yredelemnul was pleased with you.
You were not hungry.

You visited 1 branch of the dungeon, and saw 4 of its levels.

You collected 88 gold pieces.

Inventory:

Hand weapons
 a - a +1,+1 falchion (weapon)
Armour
 b - a +0 leather armour
 e - a +0 pair of boots (worn)
 j - a +0 ring mail (worn)
Comestibles
 c - 3 bread rations
 f - a meat ration
 g - a royal jelly
 q - a rambutan
Scrolls
 h - 2 scrolls of enchant armour {unknown}
 l - a scroll of remove curse {unknown}
 n - a scroll of amnesia {unknown}
 o - a scroll of blinking {unknown}
Jewellery
 p - an uncursed amulet of guardian spirit {unknown}
Potions
 d - 7 potions of brilliance {unknown}
 i - 3 potions of heal wounds {unknown}
 k - 3 potions of curing {unknown}
 m - 2 potions of resistance {unknown}


   Skills:
 - Level 2.4 Fighting
 + Level 5.4 Long Blades
 - Level 1.2 Armour
 - Level 1.1 Dodging
 - Level 2.6 Invocations


You had 3 spell levels left.
You didn't know any spells.

Dungeon Overview and Level Annotations

Branches:
Dungeon (4/15)
 Temple: D:4-7

Altars:
Elyvilon
Yredelemnul


Innate Abilities, Weirdness & Mutations

You reflexively headbutt those who attack you in melee.
You have a pair of horns on your head.


Message History

Unknown command.
A worker ant comes into view.
The worker ant twitches its antennae in your direction.
The ogre hits you with a giant club!
You see here a whip.
You hit the ogre.
The ogre is lightly wounded.
You hit the ogre.
The ogre is moderately wounded.
The ogre hits you with a giant club!
Ouch! That really hurt!
* * * LOW HITPOINT WARNING * * *
You are too injured to fight recklessly!
You are too injured to fight recklessly!
You are too injured to fight recklessly!
Unknown command.
The worker ant bites you but does no damage.
The worker ant bites you.
You die...
Your body rises from the dead as a mindless zombie.

###.#.####.###.#
#.......##(.#..#
#.......##.....#
#.#.......##.....#
#.....<...)......#...
###...$...##O........
#....$..##.....##..
#.......##a#####
####.#####@###### #.#
##.......# #.#
#........# #.#
#........# #.#
#....<...#
............#
####............
#........####
#......###


You could see an ogre and a worker ant.

Vanquished Creatures
  Jessica (D:2)
  A worm (D:2)
  2 giant geckos
  An ooze (D:3)
  7 bats
  7 goblins
  4 hobgoblins
  8 jackals
  2 quokkas
  A giant newt (D:2)
  6 kobolds
  5 rats
45 creatures vanquished.

Notes
Turn   | Place    | Note
--------------------------------------------------------------
     0 | D:1      | MDvedh, the Minotaur Death Knight, began the quest for the Orb.
     0 | D:1      | Reached XP level 1. HP: 18/18 MP: 1/1
    17 | D:1      | Reached skill level 3 in Long Blades
    39 | D:1      | Reached XP level 2. HP: 16/25 MP: 1/1
   481 | D:1      | Reached skill level 4 in Long Blades
   858 | D:2      | Acquired Yredelemnul's second power
   863 | D:2      | Reached XP level 3. HP: 20/30 MP: 3/3
  1123 | D:2      | Noticed Jessica
  1131 | D:2      | Killed Jessica
  1131 | D:2      | Reached skill level 5 in Long Blades
  1351 | D:2      | Noticed a human
  1355 | D:2      | Found a basalt altar of Yredelemnul.
  1748 | D:3      | Reached XP level 4. HP: 32/37 MP: 3/3
  1951 | D:3      | Found a white marble altar of Elyvilon.
  2274 | D:4      | Noticed an ogre
  2342 | D:4      | Slain by a worker ant

Action                   |  1- 3 |  4- 6 || total
-------------------------+-------+-------++-------
Melee: Falchion          |    94 |    25 ||   119
